| TOP OF THE 1ST |
|
York Revolution batting - Pitching for Canton Indians : RHP Ian Nordquist
|
|
Pitching: RHP Ian Nordquist
|
|
|
Batting: RHB Tony Perez
|
0-0: Ball 1-0: Foul Ball, location: 2F 1-1: Fly out, F2 (Popup, 5SF, EV 90.0 MPH)
|
|
Batting: RHB Chris Myers
|
0-0: Ball 1-0: Ball 2-0: Called Strike 2-1: SOLO HOME RUN (Flyball, 7D, EV 101.9 MPH), Distance : 390 ft
|
|
Batting: RHB Trent Hedrick
|
0-0: Ball 1-0: Ball 2-0: Called Strike 2-1: Ground out 6-3 (Groundball, 6, EV 77.5 MPH)
|
|
Batting: RHB Jose Corral
|
0-0: Ball 1-0: Swinging Strike 1-1: Ball 2-1: Fly out, F7 (Flyball, 78S, EV 90.0 MPH)
|
| Top of the 1st over - 1 run, 1 hit, 0 errors, 0 left on base; York 1 - Canton 0 |
| BOTTOM OF THE 1ST |
|
Canton Indians batting - Pitching for York Revolution : RHP John Hughes
|
|
Pitching: RHP John Hughes
|
|
|
Batting: RHB Kenzo Shinoda
|
0-0: Ball 1-0: Foul Ball, location: 2F 1-1: Ball 2-1: Foul Ball, location: 2F 2-2: Ball 3-2: Fly out, F8 (Line Drive, 8LD, EV 86.9 MPH)
|
|
Batting: LHB Costodio Varino
|
0-0: DOUBLE (Line Drive, 78M, EV 94.4 MPH)
|
|
Batting: RHB Carlos Abrego
|
0-0: Called Strike 0-1: Called Strike 0-2: Ground out 6-3 (Groundball, 6, EV 103.8 MPH)
|
|
Batting: LHB Dave Key
|
0-0: Ball 1-0: Foul Ball, location: 2F 1-1: Ground out 6-3 (Groundball, 56, EV 79.4 MPH)
|
| Bottom of the 1st over - 0 runs, 1 hit, 0 errors, 1 left on base; York 1 - Canton 0 |
| TOP OF THE 2ND |
|
York Revolution batting - Pitching for Canton Indians : RHP Ian Nordquist
|
|
Batting: RHB Jake Cox
|
0-0: Ball 1-0: Ball 2-0: Ball 3-0: Base on Balls
|
|
Pitching: RHP Howard Allen
|
|
|
Batting: RHB Victor Arias
|
0-0: Ball 1-0: Called Strike 1-1: DOUBLE (Line Drive, 7LS, EV 96.9 MPH) Jake Cox to third
|
|
Batting: SHB Brett St. Clair
|
0-0: Called Strike 0-1: Ball 1-1: Ball 2-1: Ground out 4-3 (Groundball, 4, EV 82.5 MPH) Jake Cox scores Victor Arias to third
|
|
Batting: RHB Joe Hewitt
|
0-0: Ball 1-0: Ball 2-0: Ball 3-0: Called Strike 3-1: Called Strike 3-2: Foul Ball, location: 2F 3-2: Foul Ball, location: 2F 3-2: Fly out, F9 (Flyball, 9S, EV 80.6 MPH)
|
|
Batting: RHB Corey Harris
|
0-0: SINGLE (Groundball, 6D, EV 99.4 MPH) Victor Arias scores
|
|
Batting: RHB Tony Perez
|
0-0: Ground out 6-3 (Groundball, 6MS, EV 89.4 MPH)
|
| Top of the 2nd over - 2 runs, 2 hits, 0 errors, 1 left on base; York 3 - Canton 0 |
| BOTTOM OF THE 2ND |
|
Canton Indians batting - Pitching for York Revolution : RHP John Hughes
|
|
Batting: LHB Shane Montalvo
|
0-0: Foul Ball, location: 2F 0-1: Ball 1-1: Foul Ball, location: 2F 1-2: Fly out, F6 (Flyball, 6D, EV 86.9 MPH)
|
|
Batting: RHB John Bianconi
|
0-0: Ball 1-0: Ball 2-0: Called Strike 2-1: Ball 3-1: Foul Ball, location: 2F 3-2: Ground out 4-3 (Groundball, 4, EV 91.2 MPH)
|
|
Batting: RHB Ricky Butts
|
0-0: Fly out, F8 (Flyball, 8RXD, EV 88.8 MPH)
|
| Bottom of the 2nd over - 0 runs, 0 hits, 0 errors, 0 left on base; York 3 - Canton 0 |
| TOP OF THE 3RD |
|
York Revolution batting - Pitching for Canton Indians : RHP Howard Allen
|
|
Batting: RHB Chris Myers
|
0-0: Ball 1-0: SINGLE (Line Drive, 7S, EV 98.8 MPH)
|
|
Pitching: RHP Chris Cohen
|
|
|
Batting: RHB Trent Hedrick
|
0-0: Ball 1-0: Swinging Strike 1-1: Ball 2-1: Fielders Choice at 2nd, 6-4 (Groundball, 6, EV 85.0 MPH)
|
|
Batting: RHB Jose Corral
|
0-0: Ball Trent Hedrick steals 2nd base 1-0: Ball Trent Hedrick steals 3rd base 2-0: Foul Ball, location: 2F 2-1: Swinging Strike 2-2: Ball 3-2: SINGLE (Groundball, 56D, EV 105.6 MPH) Trent Hedrick scores
|
|
Batting: RHB Jake Cox
|
0-0: Foul Ball, location: 2F 0-1: Ball 1-1: Ball 2-1: Foul Ball, location: 2F 2-2: Ball 3-2: Fielders Choice at 2nd, 6-4 (Groundball, 56, EV 105.0 MPH)
|
|
Batting: RHB Victor Arias
|
0-0: Ball 1-0: Ground out 4-3 (Groundball, 4, EV 108.1 MPH)
|
| Top of the 3rd over - 1 run, 2 hits, 0 errors, 1 left on base; York 4 - Canton 0 |
| BOTTOM OF THE 3RD |
|
Canton Indians batting - Pitching for York Revolution : RHP John Hughes
|
|
Batting: RHB Eric Kuck
|
0-0: Ground out 6-3 (Groundball, 6, EV 77.5 MPH)
|
|
Batting: LHB Rich Walker
|
0-0: Called Strike 0-1: Ground out 4-3 (Groundball, 4, EV 108.1 MPH)
|
|
Batting: RHB Kenzo Shinoda
|
0-0: Ball 1-0: Foul Ball, location: 2F 1-1: Ball 2-1: SINGLE (Line Drive, 8LS, EV 97.5 MPH)
|
|
Batting: LHB Costodio Varino
|
0-0: Called Strike 0-1: Ball 1-1: Ball 2-1: Ball Kenzo Shinoda steals 2nd base 3-1: Foul Ball, location: 2F 3-2: Strikes out looking
|
| Bottom of the 3rd over - 0 runs, 1 hit, 0 errors, 1 left on base; York 4 - Canton 0 |
| TOP OF THE 4TH |
|
York Revolution batting - Pitching for Canton Indians : RHP Chris Cohen
|
|
Pitching: RHP Terry Sterling
|
|
|
Batting: SHB Brett St. Clair
|
0-0: Called Strike 0-1: Ball 1-1: SINGLE (Line Drive, 89S, EV 88.8 MPH)
|
|
Batting: RHB Joe Hewitt
|
0-0: Ball 1-0: Ball 2-0: Ball 3-0: Fly out, F6 (Flyball, 56D, EV 80.6 MPH)
|
|
Batting: RHB Corey Harris
|
0-0: Called Strike 0-1: Fly out, F8 (Flyball, 8RD, EV 103.8 MPH)
|
|
Batting: RHB Tony Perez
|
0-0: Called Strike Brett St. Clair is caught stealing 2nd base 2-4
|
| Top of the 4th over - 0 runs, 1 hit, 0 errors, 0 left on base; York 4 - Canton 0 |
| BOTTOM OF THE 4TH |
|
Canton Indians batting - Pitching for York Revolution : RHP John Hughes
|
|
Batting: RHB Carlos Abrego
|
0-0: Swinging Strike 0-1: Ball 1-1: Swinging Strike 1-2: Strikes out swinging
|
|
Batting: LHB Dave Key
|
0-0: Ball 1-0: Foul Ball, location: 2F 1-1: Ball 2-1: Called Strike 2-2: Foul Ball, location: 2F 2-2: Foul Ball, location: 2F 2-2: SINGLE (Groundball, 56S, EV 68.8 MPH) (infield hit)
|
|
Batting: LHB Shane Montalvo
|
0-0: Ball 1-0: Ball 2-0: Grounds into double play, 5-4-3 (Groundball, 56S, EV 85.6 MPH)
|
| Bottom of the 4th over - 0 runs, 1 hit, 0 errors, 0 left on base; York 4 - Canton 0 |
| TOP OF THE 5TH |
|
York Revolution batting - Pitching for Canton Indians : RHP Terry Sterling
|
|
Batting: RHB Tony Perez
|
0-0: Ball 1-0: Foul Ball, location: 2F 1-1: Swinging Strike 1-2: Ball 2-2: Ball 3-2: SOLO HOME RUN (Flyball, 7D, EV 106.9 MPH), Distance : 397 ft
|
|
Batting: RHB Chris Myers
|
0-0: DOUBLE (Flyball, 8LXD, EV 105.6 MPH)
|
|
Batting: RHB Trent Hedrick
|
0-0: Foul Ball, location: 2F 0-1: Ball 1-1: SINGLE (Groundball, 6MD, EV 107.5 MPH) Chris Myers to third
|
|
Pitching: RHP Nate Souza
|
|
|
Batting: RHB Jose Corral
|
0-0: Foul Ball, location: 2F 0-1: Swinging Strike 0-2: Ball 1-2: Foul Ball, location: 2F 1-2: Fly out, F8 (Line Drive, 8RD, EV 92.5 MPH) Runner from 3rd tags up, SCORES, throw by CF
|
|
Batting: RHB Jake Cox
|
0-0: Ball 1-0: Ball 2-0: Called Strike 2-1: Foul Ball, location: 2F 2-2: Strikes out swinging
|
|
Batting: RHB Victor Arias
|
0-0: Ball Trent Hedrick steals 2nd base 1-0: Ball 2-0: Called Strike 2-1: SINGLE (Line Drive, 89S, EV 96.9 MPH) Trent Hedrick to third Runner from 3rd tries for Home, SAFE, throw by CF to home
|
|
Batting: SHB Brett St. Clair
|
0-0: Swinging Strike 0-1: Ball 1-1: Ball 2-1: Ball 3-1: Base on Balls Victor Arias to second
|
|
Batting: RHB Joe Hewitt
|
0-0: Called Strike 0-1: Called Strike 0-2: Strikes out swinging
|
| Top of the 5th over - 3 runs, 4 hits, 0 errors, 2 left on base; York 7 - Canton 0 |
| BOTTOM OF THE 5TH |
|
Canton Indians batting - Pitching for York Revolution : RHP John Hughes
|
|
Batting: RHB John Bianconi
|
0-0: Ball 1-0: SINGLE (Line Drive, 7LS, EV 93.1 MPH)
|
|
Batting: RHB Ricky Butts
|
0-0: SINGLE (Line Drive, 56, EV 99.4 MPH) John Bianconi to second John Bianconi to third
|
|
Batting: RHB Eric Kuck
|
0-0: Ball 1-0: Swinging Strike 1-1: Swinging Strike 1-2: Ball 2-2: Ball 3-2: Strikes out swinging
|
|
Batting: LHB Rich Walker
|
0-0: Called Strike 0-1: Ball 1-1: Ball 2-1: Swinging Strike 2-2: Fly out, F8 (Flyball, 89XD, EV 102.5 MPH) Runner from 3rd tags up, SCORES, no throw by CF
|
|
Batting: RHB Kenzo Shinoda
|
0-0: Ball 1-0: Called Strike 1-1: Ball 2-1: Swinging Strike 2-2: Fly out, F8 (Flyball, 8RM, EV 85.0 MPH)
|
| Bottom of the 5th over - 1 run, 2 hits, 0 errors, 1 left on base; York 7 - Canton 1 |
| TOP OF THE 6TH |
|
York Revolution batting - Pitching for Canton Indians : RHP Nate Souza
|
|
Batting: RHB Corey Harris
|
0-0: SINGLE (Line Drive, 8LS, EV 93.8 MPH)
|
|
Batting: RHB Tony Perez
|
0-0: Ball 1-0: Called Strike 1-1: SINGLE (Flyball, 3D, EV 89.4 MPH) Corey Harris to second
|
|
Batting: RHB Chris Myers
|
0-0: Ball 1-0: Called Strike 1-1: SINGLE (Groundball, 56D, EV 105.0 MPH) Corey Harris to third Tony Perez to second Runner from 3rd tries for Home, SAFE, throw by LF to home
|
|
Batting: RHB Trent Hedrick
|
0-0: Called Strike 0-1: Swinging Strike 0-2: Ball 1-2: Ball 2-2: Ground out 6-3 (Groundball, 6S, EV 70.6 MPH) Tony Perez to third Chris Myers to second
|
|
Batting: RHB Jose Corral
|
0-0: SINGLE (Line Drive, 78S, EV 100.0 MPH) Tony Perez scores Chris Myers to third
|
|
Batting: RHB Jake Cox
|
0-0: Foul Ball, location: 2F 0-1: Ball 1-1: Fly out, F3 (Popup, 3F, EV 67.5 MPH)
|
|
Batting: RHB Victor Arias
|
0-0: Ball 1-0: Ball 2-0: SINGLE (Groundball, 56, EV 95.0 MPH) Chris Myers scores Jose Corral to second
|
|
Batting: SHB Brett St. Clair
|
0-0: Ball 1-0: Ball 2-0: Called Strike 2-1: Fly out, F6 (Line Drive, 6, EV 66.2 MPH)
|
| Top of the 6th over - 3 runs, 5 hits, 0 errors, 2 left on base; York 10 - Canton 1 |
| BOTTOM OF THE 6TH |
|
Canton Indians batting - Pitching for York Revolution : RHP John Hughes
|
|
Batting: LHB Costodio Varino
|
0-0: Ball 1-0: Called Strike 1-1: Foul Ball, location: 2F 1-2: Ground out U3 (Groundball, 3, EV 102.5 MPH)
|
|
Batting: RHB Carlos Abrego
|
0-0: Swinging Strike 0-1: Swinging Strike 0-2: Ball 1-2: SINGLE (Groundball, 6D, EV 103.8 MPH)
|
|
Batting: LHB Dave Key
|
0-0: Ball 1-0: Ball 2-0: Foul Ball, location: 2F 2-1: Called Strike 2-2: Ball 3-2: Base on Balls Carlos Abrego to second
|
|
Batting: LHB Shane Montalvo
|
0-0: Ball 1-0: DOUBLE (Line Drive, 78D, EV 106.9 MPH) Carlos Abrego scores Dave Key to third Runner from 3rd tries for Home, SAFE, throw by CF to home
|
|
Batting: RHB John Bianconi
|
0-0: Called Strike 0-1: Foul Ball, location: 2F 0-2: Strikes out looking
|
|
Batting: RHB Ricky Butts
|
0-0: DOUBLE (Flyball, 8LXD, EV 106.2 MPH) Shane Montalvo scores
|
|
Batting: RHB Eric Kuck
|
0-0: Foul Ball, location: 2F 0-1: Ball 1-1: Foul Ball, location: 2F 1-2: Ball 2-2: Ball 3-2: Foul Ball, location: 2F 3-2: Fly out, F9 (Flyball, 9LS, EV 93.8 MPH)
|
| Bottom of the 6th over - 3 runs, 3 hits, 0 errors, 1 left on base; York 10 - Canton 4 |
| TOP OF THE 7TH |
|
York Revolution batting - Pitching for Canton Indians : RHP Nate Souza
|
|
Batting: RHB Joe Hewitt
|
0-0: Fly out, F7 (Flyball, 7, EV 85.0 MPH)
|
|
Batting: RHB Corey Harris
|
0-0: DOUBLE (Line Drive, 7LS, EV 88.8 MPH)
|
|
Batting: RHB Tony Perez
|
0-0: Called Strike 0-1: Ball 1-1: SINGLE (Groundball, 5S, EV 74.4 MPH) (infield hit) Corey Harris to third
|
|
Batting: RHB Chris Myers
|
0-0: Called Strike 0-1: Ball 1-1: Ball 2-1: Called Strike 2-2: Strikes out swinging
|
|
Batting: RHB Trent Hedrick
|
0-0: Ball 1-0: Ball 2-0: Called Strike 2-1: Ball 3-1: Fly out, F4 (Line Drive, 4, EV 65.6 MPH)
|
| Top of the 7th over - 0 runs, 2 hits, 0 errors, 2 left on base; York 10 - Canton 4 |
| BOTTOM OF THE 7TH |
|
Canton Indians batting - Pitching for York Revolution : RHP John Hughes
|
|
Batting: LHB Rich Walker
|
0-0: Ball 1-0: Foul Ball, location: 2F 1-1: Called Strike 1-2: Ball 2-2: DOUBLE (Flyball, 8LXD, EV 102.5 MPH)
|
|
Batting: RHB Kenzo Shinoda
|
0-0: Swinging Strike 0-1: Ball 1-1: Ball 2-1: Swinging Strike 2-2: Strikes out swinging
|
|
Batting: LHB Costodio Varino
|
0-0: Ball 1-0: Called Strike 1-1: Ball 2-1: Swinging Strike 2-2: Foul Ball, location: 2F 2-2: Strikes out swinging
|
|
Batting: RHB Carlos Abrego
|
0-0: Called Strike 0-1: Foul Ball, location: 2F 0-2: Fly out, F8 (Line Drive, 8RD, EV 88.1 MPH)
|
| Bottom of the 7th over - 0 runs, 1 hit, 0 errors, 1 left on base; York 10 - Canton 4 |
| TOP OF THE 8TH |
|
York Revolution batting - Pitching for Canton Indians : RHP Nate Souza
|
|
Batting: RHB Jose Corral
|
0-0: SINGLE (Groundball, 56D, EV 102.5 MPH)
|
|
Pitching: RHP Luke Burnham
|
|
|
Batting: RHB Jake Cox
|
0-0: Ball 1-0: Foul Ball, location: 2F 1-1: SINGLE (Line Drive, 3D, EV 102.5 MPH) Jose Corral to second
|
|
Batting: RHB Victor Arias
|
0-0: Ball 1-0: Foul Ball, location: 2F 1-1: Called Strike 1-2: Ball 2-2: Ball 3-2: Foul Ball, location: 2F 3-2: Foul Ball, location: 2F 3-2: Grounds into double play, 4-6-3 (Groundball, 34, EV 79.4 MPH) Jose Corral to third
|
|
Batting: SHB Brett St. Clair
|
Balk! Jose Corral scores 0-0: Called Strike 0-1: Ball 1-1: Ball 2-1: Ground out 2-3 (Groundball, 2R, EV 60.0 MPH)
|
| Top of the 8th over - 1 run, 2 hits, 0 errors, 0 left on base; York 11 - Canton 4 |
| BOTTOM OF THE 8TH |
|
Canton Indians batting - Pitching for York Revolution : RHP John Hughes
|
|
Batting: LHB Dave Key
|
0-0: Called Strike 0-1: Foul Ball, location: 2F 0-2: Strikes out swinging
|
|
Pitching: RHP Dusty DuPont
|
|
|
Pinch Hitting: RHB Steve Gusman
|
0-0: Ball 1-0: Swinging Strike 1-1: Swinging Strike 1-2: Foul Ball, location: 2F 1-2: Strikes out swinging
|
|
Batting: RHB John Bianconi
|
0-0: Foul Ball, location: 2F 0-1: TRIPLE (Flyball, 89XD, EV 106.2 MPH)
|
|
Pitching: LHP Mike Aldrich
|
|
|
Batting: RHB Ricky Butts
|
0-0: Ground out 6-3 (Groundball, 6, EV 83.1 MPH)
|
| Bottom of the 8th over - 0 runs, 1 hit, 0 errors, 1 left on base; York 11 - Canton 4 |
| TOP OF THE 9TH |
|
York Revolution batting - Pitching for Canton Indians : RHP Luke Burnham
|
|
Now in LF: Steve Gusman
|
|
|
Pinch Hitting: RHB Zach Slot
|
0-0: Ball 1-0: Foul Ball, location: 2F 1-1: Swinging Strike 1-2: Fly out, F8 (Flyball, 8RD, EV 99.4 MPH)
|
|
Batting: RHB Corey Harris
|
0-0: Ball 1-0: Swinging Strike 1-1: DOUBLE (Line Drive, 9LM, EV 96.9 MPH)
|
|
Batting: RHB Tony Perez
|
0-0: Ball 1-0: SINGLE (Line Drive, 4D, EV 100.0 MPH) Corey Harris to third
|
|
Pinch Hitting: RHB Dave Gallegos
|
0-0: Fly out, F9 (Flyball, 89D, EV 95.6 MPH) Runner from 3rd tags up, SCORES, throw by RF
|
|
Pinch Hitting: SHB Marco de Leon
|
0-0: Ground out 3-1 (Groundball, 34S, EV 86.9 MPH)
|
| Top of the 9th over - 1 run, 2 hits, 0 errors, 1 left on base; York 12 - Canton 4 |
| BOTTOM OF THE 9TH |
|
Canton Indians batting - Pitching for York Revolution : LHP Mike Aldrich
|
|
Now at 1B: Marco de Leon
|
|
|
Now at SS: Dave Gallegos
|
|
|
Now in LF: Zach Slot
|
|
|
Batting: RHB Eric Kuck
|
0-0: Ball 1-0: Ball 2-0: Called Strike 2-1: DOUBLE (Line Drive, 5D, EV 101.9 MPH)
|
|
Batting: LHB Rich Walker
|
0-0: Foul Ball, location: 2F 0-1: Fly out, F6 (Flyball, 6MD, EV 71.2 MPH)
|
|
Pinch Hitting: RHB Jason Roberts
|
0-0: SINGLE (Line Drive, 5D, EV 95.6 MPH) Eric Kuck to third
|
|
Batting: LHB Costodio Varino
|
0-0: Called Strike 0-1: Ball 1-1: Ball 2-1: Called Strike 2-2: Foul Ball, location: 2F 2-2: Ball 3-2: Fly out, F8 (Line Drive, 8LM, EV 105.6 MPH)
|
|
Batting: RHB Carlos Abrego
|
0-0: Ball 1-0: SINGLE (Groundball, 6S, EV 70.0 MPH) (infield hit) Eric Kuck scores Jason Roberts to second
|
|
Batting: LHB Dave Key
|
0-0: Swinging Strike 0-1: Swinging Strike 0-2: Ball 1-2: Ball 2-2: Strikes out swinging
|
| Bottom of the 9th over - 1 run, 3 hits, 0 errors, 2 left on base; York 12 - Canton 5 |
|